 Dungeon Crawl Stone Soup version 0.23.0-3-gf3c87f2 (webtiles) character file.

Game seed: 2276129119274758349

80 Dazliare the Insei (level 4, -5/31 HPs)
             Began as an Octopode Transmuter on Feb 22, 2019.
             Was an Initiate of Gozag.
             Slain by a black bear (11 damage)
             ... on level 3 of the Dungeon.
             The game lasted 00:03:28 (1991 turns).

Dazliare the Insei (Octopode Transmuter)            Turns: 1991, Time: 00:03:28

Health: -5/31      AC:  1    Str:  9    XL:     4   Next: 39%
Magic:  5/7        EV: 13    Int: 16    God:    Gozag
Gold:   216        SH:  0    Dex: 12    Spells: 1/7 levels left

rFire    . . .     SeeInvis .     - Unarmed
rCold    . . .     Gourm    .   (no shield)
rNeg     . . .     Faith    .   (helmet restricted)
rPois    .         Spirit   .   (no amulet)
rElec    .         Reflect  .   (no ring)
rCorr    .         Harm     .   (no ring)
MR       .....                  (no ring)
Stlth    ++........             (no ring)
HPRegen  0.10/turn              (no ring)
MPRegen  0.10/turn              (no ring)
                                (no ring)
                                (no ring)

@: no status effects
A: almost no armour, stealthy swim, amphibious, 8 rings, constrict 8, camouflage
1, gelatinous body 1
a: Potion Petition, Call Merchant, Bribe Branch, Renounce Religion


You were on level 3 of the Dungeon.
You worshipped Gozag.
Gozag was aware of your devotion.
You were not hungry.

You visited 1 branch of the dungeon, and saw 3 of its levels.

You collected 249 gold pieces.
You paid 33 gold pieces to Gozag.

Inventory:

Missiles
 a - 48 arrows
Scrolls
 f - 2 scrolls of teleportation {unknown}
 i - 2 scrolls of identify {unknown}
 j - 2 scrolls of remove curse {unknown}
 k - a scroll of blinking {unknown}
Potions
 b - a potion of cancellation {unknown}
 d - a potion of resistance {unknown}
 e - 2 potions of curing {unknown}
 g - a potion of might {unknown}
 h - a potion of heal wounds {unknown}
Comestibles
 c - 2 rations {@e1}


   Skills:
 - Level 3.1 Fighting
 - Level 2.0 Dodging
 + Level 4.0 Unarmed Combat
 - Level 2.0 Spellcasting
 * Level 2.0 Transmutations


You had one spell level left.
You knew the following spells:

 Your Spells              Type           Power        Failure   Level  Hunger
a - Beastly Appendage     Tmut           #.....       9%          1    #......
b - Sticks to Snakes      Tmut           #.......     13%         2    ###....
c - Spider Form           Tmut/Pois      #.........   38%         3    ###....

Your spell library contained the following spells:

 Spells                   Type           Power        Failure   Level  Hunger
 Ice Form                 Ice/Tmut       #.......     80%         4    #####..
 Blade Hands              Tmut           #.........   94%         5    ######.


Dungeon Overview and Level Annotations

Branches:
Dungeon (3/15)

Altars:
Gozag

Annotations:
D:2 exclusion: downstairs


Innate Abilities, Weirdness & Mutations

You cannot wear most types of armour.
You are very stealthy in the water. (Stealth+)
You are amphibious.
You can wear up to eight rings at the same time.
You can use your tentacles to constrict eight enemies at once.
Your skin changes colour to match your surroundings (Stealth+).
Your rubbery body absorbs attacks. (AC +1, EV +1)


Message History

* * * LOW HITPOINT WARNING * * *
The black bear closely misses you. The black bear claws you.
* * * LOW HITPOINT WARNING * * *
You take 6 damage, and have 6/31 hp.
You hit the black bear.
The black bear looks as sick as possible!
The black bear completely misses you. The black bear misses you.
The black bear completely misses you.
Unknown command.
You closely miss the black bear. The black bear closely misses you.
The black bear barely misses you. The black bear claws you.
* * * LOW HITPOINT WARNING * * *
You take 1 damage, and have 5/31 hp.
Unknown command.
The black bear goes berserk!
Unknown command.
Your transformation has ended.
The black bear bites you!
You die...
Your body crumbles into a pile of gold.

#......#....#
#....
###########.#
#|... #.#
###.. #.# ##.
######.#
######.
#......#
#.......
#.######
##.##....
#.#..#
#........
#.@..###
#.....
###h##$##
#.#... #.# ..
.. #... #.#
.# ## #...
#####.##.#
#...
#........#
#...
#.....####
#### #.....#
#######


You could see a black bear (berserk).

Vanquished Creatures
  5 adders
  A worm (D:3)
  A dart slug (D:1)
  A leopard gecko (D:3)
  7 bats
  3 giant cockroaches
  4 goblins
  4 hobgoblins
  A kobold (D:2)
  A ball python (D:1)
  3 rats
31 creatures vanquished.

Notes
Turn   | Place    | Note
-------+----------+-------------------------------------------
     0 | D:1      | Dazliare the Octopode Transmuter began the quest for the
                  | Orb.
     0 | D:1      | Reached XP level 1. HP: 13/13 MP: 3/3
   345 | D:1      | Reached XP level 2. HP: 19/19 MP: 5/5
   392 | D:1      | Learned a level 2 spell: Sticks to Snakes
   622 | D:1      | You fall through a shaft!
   793 | D:2      | Reached XP level 3. HP: 25/25 MP: 4/6
  1157 | D:2      | Found an opulent altar of Gozag.
  1177 | D:2      | Became a worshipper of Gozag Ym Sagoz the Greedy
  1182 | D:2      | Learned a level 3 spell: Spider Form
  1799 | D:3      | Reached XP level 4. HP: 25/31 MP: 5/7
  1959 | D:3      | Reached skill level 4 in Unarmed Combat
  1976 | D:3      | Noticed a black bear
  1991 | D:3      | Slain by a black bear

Skill      XL: |  1  2  3  4 |
---------------+-------------+-----
Fighting       | 2 3 |  3.1
Unarmed Combat | 4 |  4.0
Dodging        | |  2.0
Spellcasting   | |  2.0
Transmutations | |  2.0

Action                   |  1- 3 |  4- 6 || total
-------------------------+-------+-------++-------
Melee: Unarmed           |    56 |    27 ||    83
       Constrict         |    15 |     5 ||    20
       Tentacles         |     6 |     2 ||     8
       Kick              |     3 |     3 ||     6
       Punch             |       |     2 ||     2
 Cast: Beastly Appendage |     3 |     1 ||     4
       Spider Form       |       |     1 ||     1
 Stab: Sleeping          |     7 |     2 ||     9
  Eat: Ration            |     1 |       ||     1
Armor: Skin              |     3 |     3 ||     6
Dodge: Dodged            |    40 |    21 ||    61
